 Dungeon Crawl Stone Soup version 0.23.2-30-g0e89c35649 (webtiles) character file.

Game seed: 1403308648999450391

1260 doot the Summoner (level 8, -6/44 HPs)
             Began as a Tengu Summoner on June 13, 2019.
             Was an Initiate of Sif Muna.
             Mangled by an orc
             ... wielding a +0 morningstar
              (7 damage)
             ... on level 7 of the Dungeon.
             The game lasted 00:14:42 (8282 turns).

doot the Summoner (Tengu Summoner)                  Turns: 8282, Time: 00:14:43

Health: -6/44      AC:  2    Str:  9    XL:     8   Next: 52%
Magic:  16/16      EV: 16    Int: 18    God:    Sif Muna [......]
Gold:   317        SH:  0    Dex: 14    Spells: 6/16 levels left

rFire    . . .     SeeInvis .   y - +5 halberd
rCold    . . .     Gourm    .   (shield currently unavailable)
rNeg     + . .     Faith    +   a - +0 robe
rPois    .         Spirit   .   (helmet restricted)
rElec    .         Reflect  .   (no cloak)
rCorr    .         Harm     .   (no gloves)
MR       .....                  (boots unavailable)
Stlth    +++.......             l - amulet of faith
HPRegen  0.14/turn              m - ring of positive energy
MPRegen  0.15/turn              (no ring)

@: flying quickly and evasively, quick
A: beak, talons 3, able to fly
a: Stop Flying, Renounce Religion


You were on level 7 of the Dungeon.
You worshipped Sif Muna.
Sif Muna was noncommittal.
You were not hungry.

You visited 2 branches of the dungeon, and saw 8 of its levels.

You collected 356 gold pieces.
You spent 39 gold pieces at shops.

Inventory:

Hand Weapons
 d - a +0 dagger
 f - a +0 spear
 q - a +0 glaive
 w - a +1 dire flail of protection
 y - a +5 halberd (weapon)
Missiles
 o - 2 throwing nets (quivered)
Armour
 a - a +0 robe (worn)
Jewellery
 l - an amulet of faith (around neck)
 m - a ring of positive energy (left hand)
Wands
 r - a wand of polymorph (13)
 u - a wand of paralysis (6)
 x - a wand of flame (44)
Scrolls
 e - 3 scrolls of noise {unknown}
 g - 3 scrolls of teleportation {unknown}
 i - 4 scrolls of identify
 j - 6 scrolls of enchant weapon
 k - 7 scrolls of remove curse
 n - a scroll of enchant armour {unknown}
 p - 2 scrolls of blinking {unknown}
 s - 2 scrolls of fog {unknown}
 z - a scroll of immolation {unknown}
Potions
 b - 4 potions of curing
 h - 2 potions of agility
 t - 4 potions of heal wounds
 v - 2 potions of lignification
 A - a potion of flight
 B - 2 potions of degeneration
Comestibles
 c - 15 rations
 C - 3 chunks of flesh


   Skills:
 + Level 1.7 Fighting
 + Level 5.0 Polearms
 + Level 3.5 Dodging
 + Level 4.1 Stealth
 + Level 4.6 Spellcasting
 + Level 8.0 Summonings
 + Level 2.0 Air Magic


You had 6 spell levels left.
You knew the following spells:

 Your Spells              Type           Power        Failure   Level  Hunger
a - Summon Small Mammal   Summ           ####         1%          1    None
b - Call Imp              Summ           ####....     1%          2    #......
c - Call Canine Familiar  Summ           ####....     1%          3    ###....
d - Summon Lightning Spi  Summ/Air       ###.....     17%         4    ####...

Your spell library contained the following spells:

 Spells                   Type           Power        Failure   Level  Hunger
 Summon Guardian Golem    Hex/Summ       ###.....     8%          3    ###....
 Corona                   Hex            #......      14%         1    None
 Ensorcelled Hibernation  Hex/Ice        #.....       21%         2    #......
 Summon Ice Beast         Ice/Summ       ###.....     26%         4    ####...
 Confuse                  Hex            #.......     38%         3    ###....
 Dazzling Spray           Conj/Hex       #.....       38%         3    ###....
 Tukima's Dance           Hex            #.......     38%         3    ###....


Dungeon Overview and Level Annotations

Branches:
Dungeon (7/15)             Temple (1/1) D:6

Altars:
Ashenzari
Cheibriados
Dithmenos
Elyvilon
Fedhas
Gozag
Hepliaklqana
Kikubaaqudgha
Makhleb
Nemelex Xobeh
Okawaru
Qazlal
Ru
Sif Muna
Trog
Uskayaw
Vehumet
Wu Jian
Xom
Yredelemnul
Zin
The Shining One

Shops:
D:4 *![!%   D:5 !}*   D:7 (


Innate Abilities, Weirdness & Mutations

You have a beak for a mouth.
You have claws for feet.
You can fly continuously.


Message History

The orc priest is almost dead.
Your hound bites the orc wizard.
The orc wizard hits you but does no damage.
The orc priest completely misses you. The orc barely misses you.
Your hound bites the orc wizard.
The orc wizard misses you.
Unknown command.
You closely miss the orc priest.
The orc priest is almost dead.
Your hound bites the orc wizard.
The orc priest calls upon Beogh to heal the orc wizard.
The orc wizard's wounds heal themselves!
The orc hits you with a +0 morningstar!
* * * LOW HITPOINT WARNING * * *
The orc wizard closely misses you.
Your hound bites the orc wizard.
You closely miss the orc priest.
The orc priest is almost dead.
The orc priest hits you with a cursed -1 club.
* * * LOW HITPOINT WARNING * * *
Your hound bites the orc wizard.
The orc hits you with a +0 morningstar!
You die...

#....).### #.........
#........####.>.......
#......#...##.........
#....).###............
#########.............
#####..<.####........
#......### #.........
#......# #.........
#...@h.# #.........
#..ooo.# #.........
#......# .........
#......# ........
#......# #......#
#.....[# #......#


You could see an orc priest, an orc wizard, an orc and a friendly hound.

Vanquished Creatures
  An ice beast (D:7)
  A black bear (D:6)
  An ogre (D:5)
  A wight (D:6)
  A howler monkey (D:2)
  A crimson imp (D:7)
  A bullfrog zombie (D:7)
  A jelly (D:7)
  An orc wizard (D:6)
  An orc priest (D:7)
  A bullfrog skeleton (D:5)
  3 worker ants
  A hound skeleton (D:7)
  2 gnolls (D:5)
  6 adders
  An adder zombie (D:6)
  A dart slug (D:1)
  4 leopard geckos
  4 orcs
  A ball python (D:3)
  3 bats
  9 goblins
  A hobgoblin (D:2)
  2 quokkas
  2 frilled lizards
  3 kobolds
  A leopard gecko skeleton (D:4)
  A quokka skeleton (D:4)
  4 rats
60 creatures vanquished.

Vanquished Creatures (collateral kills)
  Edmund (D:5)
  A water moccasin (D:6)
  An ice beast (D:5)
  A black bear (D:7)
  2 ogres
  A bullfrog (D:7)
  A scorpion (D:4)
  2 wights (D:6)
  3 orc priests
  A centaur skeleton (D:5)
  A jelly (D:6)
  3 orc wizards (D:6)
  A worker ant (D:6)
  5 adders
  A gnoll (D:5)
  A shadow imp (D:7)
  A dart slug (D:3)
  18 orcs
  A goblin (D:3)
  A hobgoblin (D:3)
  A quokka (D:4)
  A bat (D:1)
  4 kobolds
53 creatures vanquished.

Grand Total: 113 creatures vanquished

Notes
Turn   | Place    | Note
-------+----------+-------------------------------------------
     0 | D:1      | doot the Tengu Summoner began the quest for the Orb.
     0 | D:1      | Reached XP level 1. HP: 10/10 MP: 4/4
    68 | D:1      | Reached skill level 5 in Summonings
   416 | D:1      | Reached XP level 2. HP: 15/15 MP: 6/6
   420 | D:1      | Learned a level 2 spell: Call Imp
  1338 | D:2      | Reached XP level 3. HP: 17/19 MP: 1/7
  1343 | D:2      | Learned a level 3 spell: Call Canine Familiar
  1817 | D:4      | Reached skill level 1 in Polearms
  1817 | D:4      | Reached XP level 4. HP: 24/24 MP: 5/8
  1824 | D:4      | Found Famicino's Food Shoppe.
  1828 | D:4      | Found a snail-covered altar of Cheibriados.
  1873 | D:4      | Found a radiant altar of Vehumet.
  1968 | D:4      | Found Xiwi's General Store.
  1973 | D:4      | Bought a potion of curing for 39 gold pieces
  1978 | D:4      | Noticed an ogre
  2000 | D:4      | Killed an ogre
  2000 | D:4      | Gained mutation: You can fly continuously. [Tengu growth]
  2000 | D:4      | Reached XP level 5. HP: 28/28 MP: 1/10
  2127 | D:4      | Found Rarphodi's Antique Armour Shop.
  2170 | D:4      | Reached skill level 6 in Summonings
  2260 | D:4      | HP: 1/28 [orc/+0 flail (7)]
  2562 | D:4      | Found Geppad's Distillery.
  2772 | D:4      | Found Orupiur's Distillery.
  3053 | D:5      | Entered Level 5 of the Dungeon
  3364 | D:5      | Noticed an ice beast
  3373 | D:5      | Learned a level 4 spell: Summon Lightning Spire
  3390 | D:5      | Killed an ice beast
  3390 | D:5      | Reached XP level 6. HP: 33/33 MP: 1/11
  3569 | D:5      | Found Daocosaq's Gadget Emporium.
  3595 | D:5      | Found Zyveamot's Distillery.
  3612 | D:5      | Found a sparkling altar of Nemelex Xobeh.
  3952 | D:5      | Noticed Edmund
  3986 | D:5      | Found Lahil's General Store.
  4207 | D:6      | Found a staircase to the Ecumenical Temple.
  4216 | Temple   | Entered the Ecumenical Temple
  5018 | D:2      | Reached skill level 1 in Fighting
  5793 | D:5      | Killed Edmund
  5793 | D:5      | Reached XP level 7. HP: 38/38 MP: 3/13
  6090 | D:6      | Reached skill level 7 in Summonings
  6305 | D:6      | Found a deep blue altar of Sif Muna.
  6485 | D:6      | Found a shattered altar of Ashenzari.
  6491 | D:6      | Became a worshipper of Sif Muna the Loreminder
  6682 | D:6      | Reached skill level 1 in Air Magic
  7015 | D:6      | Reached XP level 8. HP: 31/43 MP: 6/15
  7814 | D:7      | Found Vyniyt's Antique Weapon Shoppe.
  7977 | D:7      | Found a sparkling altar of Nemelex Xobeh.
  7995 | D:7      | Reached skill level 8 in Summonings
  8000 | D:7      | Reached skill level 5 in Polearms
  8282 | D:7      | HP: 1/44 [orc priest/cursed -1 club (5)]
  8282 | D:7      | Mangled by an orc

Skill      XL: |  1  2  3  4  5  6  7  8 |
---------------+-------------------------+-----
Summonings     | 5 6 7 8 |  8.0
Polearms       | 1 2 3 4 5 |  5.0
Spellcasting   | 3 4 |  4.6
Stealth        | 3 4 |  4.1
Fighting       | 1 |  1.7
Dodging        | 3 |  3.5
Air Magic      | 1 2 |  2.0

Action                   |  1- 3 |  4- 6 |  7- 9 || total
-------------------------+-------+-------+-------++-------
Melee: Dagger            |     7 |       |       ||     7
       Spear             |    53 |    26 |       ||    79
       Kick              |     8 |    16 |    13 ||    37
       Peck              |     1 |     9 |     8 ||    18
       Glaive            |       |    62 |    44 ||   106
       Halberd           |       |       |    42 ||    42
 Cast: Summon Small Mamm |     6 |       |       ||     6
       Call Imp          |     8 |     7 |     1 ||    16
       Call Canine Famil |     3 |    19 |    15 ||    37
       Summon Lightning  |       |     3 |     7 ||    10
 Abil: Fly               |       |     1 |       ||     1
  Use: Potion            |     2 |       |       ||     2
       Scroll            |       |       |     6 ||     6
 Stab: Sleeping          |     4 |     6 |     4 ||    14
       Distracted        |       |     1 |     1 ||     2
  Eat: Chunk             |     4 |    10 |    12 ||    26
       Ration            |       |     1 |       ||     1
Armor: Robe              |     9 |     1 |     4 ||    14
Dodge: Dodged            |    33 |    71 |    81 ||   185
